Map: Winter's Gate LE

Players

Trap - Winner!

  • Race: Protoss Protoss
  • Spawn Location: 5:00

Reynor

  • Race: Zerg Zerg
  • Spawn Location: 11:00

Event: 2019 WCS Global FInals

VOD

Have the link to the VOD?

Description

Time

  • Played on: Nov. 1, 2019, 5:29 p.m.
  • Length: 12:18

All games in this series

Show
View Real Time Build Order
Export as new Build Order

Trap Protoss - Winner!

Build Orders: 1 Gate Expand, Oracle Opening, Phoenix Opening, Archon Immortal 

Get SALT Encoding   

  12  0:00  Probe  
  13  0:13  Pylon  
  13  0:17  Probe (Chrono Boost)  
  15  0:28  Probe (Chrono Boost)  
  15  0:33  Probe (Chrono Boost)  
  16  0:42  Gateway  
  16  0:43  Probe  
  17  0:50  Assimilator  
  17  0:55  Probe  
  18  1:08  Probe  
  19  1:20  Probe  
  19  1:25  Nexus  
  20  1:34  Cybernetics Core  
  20  1:37  Probe  
  21  1:45  Assimilator  
  21  1:49  Probe  
  21  1:53  Pylon  
  22  2:01  Probe  
  22  2:08  Adept (Chrono Boost)  
  23  2:13  Probe  
  26  2:18  Stargate  
  26  2:25  Probe  
  26  2:27  Pylon  
  26  2:29  Warp Gate  
  27  2:35  Adept  
  29  2:39  Probe (Chrono Boost)  
  29  2:42  Probe (Chrono Boost)  
  31  2:49  Probe (Chrono Boost)  
  33  2:51  Probe (Chrono Boost)  
  33  2:56  Probe x2 (Chrono Boost)  
  35  3:01  Phoenix (Chrono Boost)  
  35  3:05  Probe  
  38  3:06  Probe  
  38  3:14  Pylon  
  38  3:17  Probe  
  38  3:18  Probe  
  40  3:21  Oracle (Chrono Boost)  
  43  3:28  Gateway  
  43  3:29  Probe  
  43  3:30  Probe  
  45  3:34  Gateway  
  45  3:40  Twilight Council  
  45  3:42  Probe  
  45  3:44  Probe  
  45  3:48  Adept  
  49  3:52  Pylon  
  49  3:54  Probe  
  50  3:56  Probe  
  50  4:02  Assimilator  
  51  4:04  Assimilator  
  51  4:06  Robotics Facility  
  51  4:09  Probe x2  
  53  4:14  Pylon  
  53  4:15  Resonating Glaives (Chrono Boost)  
  53  4:25  Probe x2  
  53  4:29  Adept x2  
  53  4:30  Adept  
  61  4:45  Nexus  
  61  4:48  Pylon  
  61  4:53  Adept x2  
  61  4:54  Adept  
  67  5:03  Immortal (Chrono Boost)  
  71  5:07  Probe x2  
  73  5:19  Shield Battery, Sentry x2  
  73  5:20  Probe  
  73  5:21  Pylon  
  78  5:37  Probe x2  
  72  5:47  Sentry  
  72  5:48  Immortal (Chrono Boost), Sentry  
  72  5:49  Probe (Chrono Boost)  
  82  5:50  Forge  
  82  5:53  Probe (Chrono Boost), Sentry  
  82  5:55  Pylon  
  84  5:57  Pylon  
  84  6:01  Probe (Chrono Boost)  
  83  6:05  Probe (Chrono Boost)  
  83  6:06  Probe x2 (Chrono Boost)  
  83  6:10  Assimilator  
  84  6:11  Assimilator  
  84  6:12  Pylon  
  84  6:14  Probe  
  84  6:16  Probe  
  86  6:21  Immortal (Chrono Boost), Zealot  
  86  6:22  Probe  
  93  6:26  Probe  
  93  6:28  Probe  
  93  6:29  Pylon  
  93  6:30  Protoss Ground Weapons Level 1 (Chrono Boost)  
  95  6:34  Probe  
  95  6:38  Probe  
  97  6:40  Probe  
  97  6:46  Gateway, Probe  
  99  6:48  Gateway  
  99  6:50  Gateway  
  99  6:53  Templar Archives  
  99  6:57  Observer  
  99  6:58  Robotics Facility  
  99  7:00  Photon Cannon, Probe  
  99  7:01  Probe x2  
  103  7:03  Pylon  
  103  7:17  Warp Prism (Chrono Boost), Charge  
  103  7:20  Gateway  
  103  7:21  Gateway  
  105  7:24  Nexus  
  105  7:27  Pylon  
  105  7:30  High Templar x3  
  105  7:35  Archon  
  111  7:39  Pylon  
  111  7:43  High Templar  
  113  7:46  Photon Cannon  
  113  7:47  Probe x2  
  113  7:48  Immortal (Chrono Boost)  
  113  7:50  Photon Cannon  
  123  8:03  Immortal (Chrono Boost)  
  123  8:04  Archon  
  123  8:05  High Templar x2  
  127  8:06  Photon Cannon, Zealot  
  127  8:07  Zealot  
  127  8:08  Photon Cannon  
  127  8:09  Zealot, Archon  
  133  8:19  Immortal (Chrono Boost)  
  137  8:27  Assimilator  
  137  8:33  Assimilator, Photon Cannon  
  137  8:34  Pylon  
  137  8:35  Immortal  
  137  8:36  Pylon  
  137  8:38  Probe  
  137  8:39  Probe x3  
  145  8:47  Gateway x2, High Templar  
  145  8:48  High Templar x3  
  153  8:52  Archon  
  153  8:53  Archon  
  153  8:54  Zealot x2  
  157  8:58  Zealot x2  
  161  9:04  Gateway  
  161  9:05  Gateway  
  161  9:07  Protoss Ground Weapons Level 2 (Chrono Boost)  
  161  9:11  Photon Cannon  
  161  9:12  Pylon  
  161  9:20  Zealot  
  115  9:39  High Templar  
  115  9:40  Zealot x3, High Templar x3  
  115  9:44  Immortal x2 (Chrono Boost), Archon  
  115  9:45  Archon  
  125  9:46  Shield Battery  
  125  9:48  Shield Battery  
  125  9:51  Observer  
  133  9:53  Shield Battery  
  133  9:56  Zealot x2  
  137  10:00  Shield Battery  
  137  10:01  High Templar  
  137  10:02  High Templar x3  
  137  10:03  Zealot x2  
  137  10:06  Archon x2  
  149  10:18  Zealot x5  
  119  10:28  Zealot x3  
  119  10:30  Probe x3  
  119  10:31  Probe  
  125  10:41  High Templar x4  
  125  10:42  Probe x2  
  132  10:43  Probe x2  
  132  10:49  Archon x2  
  134  10:52  Zealot x7  
  134  10:54  Probe x2  
  150  10:58  Zealot  
  150  11:03  Photon Cannon  
  142  11:20  High Templar x2  
  142  11:21  Zealot x6, High Templar x2  
  142  11:22  Zealot  
  142  11:25  Archon x2  
  136  11:48  Zealot x7  
  136  11:52  Zealot x2  
  136  11:53  Zealot  
  140  11:58  Zealot x2  
  126  12:09  Zealot x6  
  126  12:10  Zealot  
Show
View Real Time Build Order
Export as new Build Order

Reynor Zerg 

Build Orders: Hatch First 

Get SALT Encoding   

  12  0:00  Drone  
  13  0:12  Overlord  
  13  0:17  Drone  
  14  0:30  Drone x2  
  16  0:44  Drone  
  17  0:51  Hatchery  
  17  0:55  Drone  
  17  0:58  Drone  
  18  1:09  Extractor  
  17  1:15  Spawning Pool  
  17  1:17  Drone  
  17  1:20  Drone  
  18  1:28  Drone  
  19  1:38  Overlord  
  19  1:55  Drone  
  19  2:01  Queen  
  20  2:02  Zergling x2  
  20  2:03  Drone, Queen  
  26  2:11  Drone  
  27  2:15  Zergling x2  
  27  2:17  Metabolic Boost  
  28  2:23  Drone  
  28  2:25  Drone  
  30  2:32  Zergling x2  
  31  2:40  Drone, Hatchery  
  32  2:44  Zergling x2  
  32  2:48  Overlord  
  32  2:52  Pneumatized Carapace  
  32  2:54  Drone  
  32  2:58  Drone  
  34  3:04  Drone  
  35  3:08  Drone  
  35  3:10  Drone x3  
  39  3:14  Queen  
  39  3:19  Overlord  
  41  3:22  Drone  
  42  3:29  Drone  
  42  3:30  Drone  
  44  3:38  Queen  
  44  3:39  Drone  
  44  3:40  Drone  
  48  3:42  Overlord  
  48  3:51  Spore Crawler  
  48  3:53  Spore Crawler, Drone x4  
  50  3:58  Spore Crawler  
  50  4:00  Zergling x2  
  50  4:03  Zergling x4  
  50  4:04  Drone x3  
  50  4:09  Queen  
  57  4:14  Drone  
  58  4:20  Drone x2  
  58  4:23  Overlord  
  58  4:25  Overlord  
  58  4:28  Roach Warren  
  57  4:32  Drone  
  57  4:34  Overlord  
  58  4:42  Zergling x12  
  66  4:46  Drone x2  
  66  4:47  Drone  
  66  4:51  Evolution Chamber  
  67  4:53  Zergling x2  
  67  4:54  Drone x2  
  67  4:56  Drone  
  71  5:01  Overlord  
  71  5:08  Roach x2  
  71  5:09  Roach x3  
  71  5:12  Extractor  
  71  5:13  Extractor  
  77  5:16  Roach x3  
  77  5:20  Drone x3  
  83  5:22  Overlord  
  82  5:32  Overlord  
  82  5:34  Queen  
  81  5:39  Drone x5  
  81  5:40  Drone  
  81  5:41  Drone x2  
  82  5:43  Zerg Melee Weapons Level 1  
  82  5:47  Drone, Extractor  
  82  5:49  Drone x2  
  85  5:50  Drone x2  
  85  5:51  Drone  
  85  5:56  Overlord  
  87  6:00  Drone  
  87  6:01  Drone x2  
  87  6:03  Drone, Lair  
  88  6:05  Drone, Extractor  
  88  6:13  Drone x2  
  88  6:17  Roach x2  
  88  6:18  Overlord  
  94  6:19  Drone  
  94  6:20  Drone x2  
  94  6:21  Drone  
  94  6:23  Overlord  
  94  6:24  Drone x3  
  101  6:29  Overlord, Extractor  
  101  6:30  Baneling Nest  
  98  6:33  Overlord  
  98  6:37  Overlord  
  98  6:38  Drone  
  99  6:43  Drone x2  
  99  6:44  Drone  
  99  6:46  Zergling x4  
  104  6:49  Zergling x6  
  104  6:50  Hatchery  
  104  6:52  Zergling x4  
  104  6:53  Zergling x2  
  104  6:54  Zergling x2  
  110  6:55  Ravager  
  110  6:56  Ravager x2  
  110  6:57  Zergling x2  
  110  7:00  Zergling x2  
  115  7:04  Zergling x4  
  117  7:09  Spire  
  117  7:10  Zergling x2  
  117  7:13  Zergling x4  
  117  7:14  Centrifical Hooks, Zergling x2  
  120  7:17  Drone x2, Overseer  
  122  7:24  Zergling x8  
  122  7:26  Roach x2, Glial Reconstitution  
  122  7:28  Drone  
  131  7:32  Infestation Pit, Drone  
  131  7:35  Overlord  
  131  7:37  Drone, Overseer  
  131  7:40  Zergling x6  
  131  7:42  Drone  
  131  7:43  Zerg Melee Weapons Level 2  
  136  7:46  Overlord  
  136  7:49  Zergling x4  
  137  7:53  Overlord  
  137  7:56  Roach x2, Zergling x4  
  137  7:57  Spore Crawler  
  137  7:58  Spore Crawler, Drone  
  138  8:03  Drone x2  
  140  8:08  Drone  
  140  8:10  Drone x2  
  146  8:12  Zergling x4  
  145  8:20  Baneling  
  145  8:21  Baneling x19  
  145  8:22  Baneling x6  
  145  8:23  Zergling x16  
  145  8:25  Baneling x7  
  153  8:28  Zergling x6  
  153  8:32  Overlord  
  156  8:35  Zergling x2  
  156  8:37  Zergling x6  
  156  8:38  Zergling x4  
  162  8:42  Spore Crawler  
  162  8:44  Zergling x8  
  162  8:45  Overlord  
  165  8:53  Roach x4  
  166  8:56  Baneling x4  
  166  8:57  Baneling x7  
  166  9:01  Ravager x2  
  166  9:02  Overlord  
  168  9:05  Zergling x12  
  174  9:10  Hive  
  173  9:26  Zergling x22  
  173  9:30  Zergling x10  
  172  9:31  Roach  
  172  9:34  Zergling x2  
  172  9:35  Zergling x4  
  152  9:40  Zergling x6  
  152  9:41  Zergling x4  
  152  9:42  Zergling x2  
  152  9:43  Zergling x6  
  152  9:44  Zergling x2  
  159  9:47  Ravager x3  
  159  9:48  Ravager  
  159  9:51  Baneling x19  
  159  9:52  Baneling x2  
  163  9:54  Zergling x6  
  163  9:56  Baneling x3  
  163  9:57  Baneling  
  166  10:00  Baneling x2  
  166  10:01  Zergling x10  
  166  10:05  Zergling x4  
  166  10:06  Baneling  
  173  10:11  Zergling x4  
  173  10:12  Zergling x4  
  173  10:20  Roach, Zergling x16  
  168  10:22  Zergling x2  
  168  10:26  Roach x2, Zergling x2  
  154  10:29  Zergling x2  
  154  10:33  Zergling x4  
  154  10:34  Spire  
  140  10:39  Drone  
  140  10:40  Drone x2  
  140  10:41  Zergling x4  
  130  10:47  Roach x2  
  130  10:49  Roach x2  
  130  10:52  Roach x2, Zergling x2  
  130  10:55  Extractor  
  129  10:57  Baneling x10  
  129  10:58  Zergling x6  
  129  11:01  Roach  
  129  11:03  Roach x2  
  129  11:04  Roach  
  139  11:05  Baneling x6  
  139  11:06  Zergling x2  
  139  11:07  Zergling x2  
  139  11:09  Zergling x6  
  139  11:10  Ravager  
  142  11:16  Zergling x6  
  134  11:20  Zergling x8  
  134  11:22  Baneling x3  
  134  11:23  Roach x2  
  136  11:26  Baneling x4  
  136  11:27  Zergling x6  
  136  11:29  Ravager  
  136  11:30  Zergling x2  
  136  11:31  Queen  
  141  11:33  Zergling x6  
  141  11:36  Zergling x4  
  138  11:40  Zergling x2  
  138  11:45  Baneling x6  
  138  11:46  Zergling x2  
  133  11:51  Zergling x6, Roach  
  133  11:52  Zergling x2  
  121  12:00  Zergling x2  
Tags
 
Add a new tag
Caveats
  • Supply blocks, unpowered buildings, or Contaminate may cause inaccurate times.
  • Supply counts are checked every 10 seconds.